 Dungeon Crawl Stone Soup version 0.32-a0-675-gdc239d62e1 (webtiles) character file.

Game seed: 2930110754726077748

30193 jasper the Thaumaturge (level 13, -2/105 HPs)
             Began as a Gnoll Earth Elementalist on Mar 11, 2024.
             Was a High Priest of Ashenzari.
             Slain by a death yak (36 damage)
             ... on level 3 of the Lair of Beasts.
             The game lasted 00:22:04 (16764 turns).

jasper the Thaumaturge (Gnoll Earth Elementalist)  Turns: 16764, Time: 00:22:05

Health: -2/105     AC: 12    Str:  9    XL:     13   Next: 50%
Magic:  0/38       EV: 17    Int: 19    God:    Ashenzari [*****.]
Gold:   534        SH:  0    Dex: 12    Spells: 26/36 levels left

rFire   . . .        l - +4 quarterstaff "Restrained Dismay" {chaos, Cun, Dev} (curse)
rCold   . . .        (shield currently unavailable)
rNeg    . . .        M - +0 steam dragon scales "Ordeal of Ashenzari" {Elem, Self} (curse)
rPois   +            s - +0 helmet of Supernal Wisdom {Elem, Comp} (curse)
rElec   .            m - +0 cloak "Perceptive Awkwardness" {Sorc, Range} (curse)
rCorr   .            K - +0 pair of gloves of Ashenzari's Negation {Sorc, Fort} (curse)
SInv    +            (no boots)
Will    .....        y - amulet "Omission of Ashenzari" {Acrobat, Fort, Dev} (curse)
Stlth   +++++        J - ring of Ashenzari's Omission {rPois, Elem, Fort} (curse)
HPRegen 0.37/turn    w - ring "Bound With Me" {MP+9, Cun, Fort} (curse)
MPRegen 0.26/turn

%: acrobat, clarity
@: no status effects
A: fangs 1, strong nose, distributed training
a: Renounce Religion, Curse Item, Shatter the Chains


You were on level 3 of the Lair of Beasts.
You worshipped Ashenzari.
Ashenzari was extremely pleased with you.
You visited 2 branches of the dungeon, and saw 14 of its levels.

You collected 940 gold pieces.
You spent 406 gold pieces at shops.

Inventory:

Hand Weapons
 l - the cursed +4 quarterstaff "Restrained Dismay" (weapon) {chaos, Cun, Dev}
   (You took it off Crazy Yiuf on level 2 of the Dungeon)

   It has a curse which improves the following skills: Cunning: Dodging and
   Stealth.
   Devices:   Evocations and Shapeshifting.
 R - a +3 quarterstaff
Missiles
 e - a throwing net
 k - 9 javelins
 G - 6 boomerangs
 I - 62 stones
Armour
 g - a +1 helmet
 m - the cursed +0 cloak "Perceptive Awkwardness" (worn) {Sorc, Range}
   (You took it off Crazy Yiuf on level 2 of the Dungeon)

   It has a curse which improves the following skills: Sorcery: Conjurations and
   Alchemy.
   Ranged Combat: Ranged Weapons and Throwing.
 s - the cursed +0 helmet of Supernal Wisdom (worn) {Elem, Comp}
   (You took it off Robin on level 2 of the Dungeon)

   It has a curse which improves the following skills: Elements: Fire Magic, Ice
   Magic, Air Magic and Earth Magic.
   Companions: Summonings and Necromancy.
 D - a +0 cloak
 K - the cursed +0 pair of gloves of Ashenzari's Negation (worn) {Sorc, Fort}
   (You found it on level 5 of the Dungeon)

   It has a curse which improves the following skills: Sorcery: Conjurations and
   Alchemy.
   Fortitude: Armour and Shields.
 M - the cursed +0 steam dragon scales "Ordeal of Ashenzari" (worn) {Elem, Self}
   (You found it on level 6 of the Dungeon)

   It has a curse which improves the following skills: Elements: Fire Magic, Ice
   Magic, Air Magic and Earth Magic.
   Introspection: Fighting and Spellcasting.
 Q - a +2 cloak
 Y - a +2 hat
Magical Staves
 t - a staff of conjuration
Jewellery
 p - a ring of ice
 w - the cursed ring "Bound With Me" (right hand) {MP+9, Cun, Fort}
   (You found it on level 2 of the Dungeon)

   [ring of magical power]

   MP+9:      It affects your magic capacity (+9).
   It has a curse which improves the following skills: Cunning: Dodging and
   Stealth.
   Fortitude: Armour and Shields.
 y - the cursed amulet "Omission of Ashenzari" (around neck) {Acrobat, Fort, Dev}
   (You found it on level 3 of the Dungeon)

   [amulet of the acrobat]

   Acrobat:   It increases your evasion while moving and waiting.
   It has a curse which improves the following skills: Fortitude: Armour and
   Shields.
   Devices:   Evocations and Shapeshifting.
 H - a ring of positive energy
 J - the cursed ring of Ashenzari's Omission (left hand) {rPois, Elem, Fort}
   (You found it on level 5 of the Dungeon)

   [ring of poison resistance]

   rPois:     It protects you from poison.
   It has a curse which improves the following skills: Elements: Fire Magic, Ice
   Magic, Air Magic and Earth Magic.
   Fortitude: Armour and Shields.
 P - a ring of wizardry
Talismans
 b - a maw talisman
 u - a serpent talisman
Wands
 q - a wand of quicksilver (15)
 r - a wand of mindburst (2)
 x - a wand of paralysis (10)
 V - a wand of flame (14)
 X - a wand of polymorph (12)
Scrolls
 c - 3 scrolls of noise
 d - 5 scrolls of immolation
 f - 11 scrolls of teleportation
 i - 8 scrolls of identify
 n - 3 scrolls of enchant weapon
 o - 2 scrolls of silence
 A - 2 scrolls of poison
 E - 2 scrolls of blinking
 L - a scroll of fear
 N - 2 scrolls of fog
 O - 2 scrolls of vulnerability
 U - a scroll of brand weapon
Potions
 a - a potion of lignification
 h - a potion of enlightenment
 j - 3 potions of might
 v - 3 potions of brilliance
 z - a potion of attraction
 B - a potion of mutation
 C - 2 potions of cancellation
 F - a potion of invisibility
 S - 3 potions of curing
 T - 2 potions of haste
 W - 2 potions of ambrosia
 Z - a potion of heal wounds


   Skills:
 + Level 8.6(10.8) Fighting
 + Level 8.6 Short Blades
 + Level 8.6 Long Blades
 + Level 8.6 Axes
 + Level 8.6 Maces & Flails
 + Level 8.6 Polearms
 + Level 8.6 Staves
 + Level 8.6(10.8) Ranged Weapons
 + Level 8.6(10.8) Throwing
 + Level 8.6(13.6) Armour
 + Level 9.8(13.0) Dodging
 + Level 9.7(12.8) Stealth
 + Level 8.6(13.6) Shields
 + Level 8.6 Unarmed Combat
 + Level 10.0(12.2) Spellcasting
 + Level 7.5(10.7) Conjurations
 + Level 7.2 Hexes
 + Level 7.2(9.4) Summonings
 + Level 7.2(9.4) Necromancy
 + Level 7.2 Translocations
 + Level 7.2(11.4) Fire Magic
 + Level 7.2(11.4) Ice Magic
 + Level 7.2(11.4) Air Magic
 + Level 9.1(13.3) Earth Magic
 + Level 7.2(10.4) Alchemy
 + Level 9.4 Invocations
 + Level 8.6(11.8) Evocations
 + Level 7.9(11.1) Shapeshifting


You had 26 spell levels left.
You knew the following spells:

 Your Spells              Type           Power      Damage    Failure   Level
a - Sandblast             Erth           100%       2d20      1%          1
b - Passwall              Erth           58%        N/A       1%          3
c - Stone Arrow           Conj/Erth      100%       3d13      1%          3
d - Tukima's Dance        Hex            39%        N/A       1%          3

Your spell library contained the following spells:

 Spells                   Type           Power      Damage    Failure   Level
 Ensorcelled Hibernation  Hex/Ice        92%        N/A       1%          2
 Fugue of the Fallen      Necr           47%        N/A       1%          3
 Anguish                  Hex/Necr       21%        N/A       1%          4
 Brom's Barrelling Bould  Conj/Erth      55%        2d7       1%          4
 Iskenderun's Mystic Bla  Conj/Tloc      45%        2d10      1%          4
 Petrify                  Alch/Erth      54%        N/A       1%          4
 Dimensional Bullseye     Hex/Tloc       19%        N/A       3%          4
 Manifold Assault         Tloc           39%        N/A       3%          4
 Dispersal                Tloc           19%        N/A       43%         6
 Malign Gateway           Summ/Tloc      21%        N/A       86%         7
 Disjunction              Tloc           19%        N/A       100%        8
 Summon Horrible Things   Summ           23%        N/A       100%        8


Dungeon Overview and Level Annotations

Branches:
Dungeon (11/15)            Temple (0/1) D:6            Lair (3/5) D:9
  Swamp (0/4) Lair:2        Snake (0/4) Lair:3
    Orc: D:9-12

Altars:
Ashenzari
Dithmenos
Elyvilon
Gozag
Qazlal
Trog
Uskayaw
Vehumet
Xom
Zin
The Shining One

Shops:
D:10 [

Portals:
Abyss: D:7

Annotations:
D:3 Natasha
D:7 2 transporters, greatzebu's ghost, novice MDFE
Lair:2 3 runed translucent doors, Spacefish98's ghost, journeyman MiFi


Innate Abilities, Weirdness & Mutations

You have very sharp teeth.
Your uncanny sense of smell can sniff out nearby items.
Your experience applies equally to all skills.


Message History

Aiming: Stone Arrow (safe; 1% risk of failure)
Press: ? - help, Q - select action, (/) - cycle Shift-Dir - straight line, f - death yak
Aim: a death yak (92% to hit)
The stone arrow hits the death yak!!
The death yak is moderately wounded.
The death yak gores you!
You take 15 damage, and have 63/105 hp.
You now have 5/38 mp.
Aiming: Stone Arrow (safe; 1% risk of failure)
Press: ? - help, Q - select action, (/) - cycle Shift-Dir - straight line, f/p - death yak
Aim: a death yak (moderately wounded, 92% to hit)
The stone arrow misses the death yak.
The death yak gores you!!
You take 18 damage, and have 45/105 hp.
You now have 2/38 mp.
You don't have enough magic to cast this spell.
You don't have enough magic to cast this spell.
You hit the death yak.
You bite the death yak, but do no damage.
The death yak is moderately wounded.
The death yak gores you but does no damage.
You barely miss the death yak.
The death yak is moderately wounded.
The death yak gores you.
You take 5 damage, and have 40/105 hp.
You hit the death yak but do no damage.
The death yak flies into a frenzy!
You bite the death yak, but do no damage.
The death yak is moderately wounded.
The death yak gores you!
You take 8 damage, and have 32/105 hp.
Aiming: Stone Arrow (safe; 1% risk of failure)
Press: ? - help, Q - select action, (/) - cycle Shift-Dir - straight line, f/p - death yak
Aim: a death yak (moderately wounded, fast, strong, frenzied and wild, 92% to hit)
The stone arrow hits the death yak!
The death yak is heavily wounded.
The death yak gores you!!
* * * LOW HITPOINT WARNING * * *
You take 18 damage, and have 14/105 hp.
You now have 0/38 mp.
You feel much better.
The death yak gores you but does no damage.
The death yak gores you!!!
You die...

##........## #
#.........#
#.........##
####.......#
##.##..##
##.#..#### ###
####....###P##
##..##.#..#####
##@#....Y....##
##Y##........#####
#.#....Y......#{##
###.....$......Y.Y
##..#..........#
#.#.............
####.P........##
##.......###,
#..##.#.....#


You could see a neutral death yak (fast, strong, frenzied).

Vanquished Creatures
  2 hydras
  Harold (D:11)
  5 death yaks (Lair:3)
  Nergalle (Lair:2)
  5 skeletal warriors (D:11)
  Pikel (D:8)
  4 elephants (Lair:3)
  Maurice (D:6)
  A salamander (Lair:3)
  A black mamba (Lair:3)
  6 cane toads
  A gargoyle (D:10)
  3 rime drakes
  An unseen horror (D:11)
  6 komodo dragons
  2 trolls (D:11)
  A polar bear (Lair:2)
  2 hornets
  Grinder (D:3)
  A shadow (D:11)
  8 wyverns
  2 wraiths (D:10)
  A basilisk (Lair:3)
  27 yaks
  2 nagas (Lair:3)
  10 water moccasins
  2 orc warriors
  Duvessa (D:7)
  An ice beast (D:8)
  4 black bears
  2 sky beasts
  2 ogres (D:6)
  8 centaurs
  19 wolves
  3 lemures (D:8)
  13 bullfrogs
  A gnoll sergeant (D:9)
  2 scorpions
  5 wights (D:7)
  16 killer bees
  9 howler monkeys
  A hound (D:5)
  8 orc priests
  Crazy Yiuf (D:2)
  A jelly (D:5)
  5 sleepcaps
  Jessica (D:2)
  7 orc wizards
  3 iguanas
  Ijyb (D:3)
  6 hell rats (Lair:3)
  Robin (D:2)
  9 gnolls
  8 adders
  A white imp (D:7)
  2 ribbon worms (D:3)
  26 orcs
  10 ball pythons
  5 bats
  3 endoplasms (D:1)
  7 giant cockroaches
  11 goblins
  8 hobgoblins
  3 jackals (D:2)
  10 kobolds
  4 quokkas
  2 frilled lizards (D:2)
  9 rats
337 creatures vanquished.

Vanquished Creatures (collateral kills)
  Dowan (D:7)
1 creature vanquished.

Grand Total: 338 creatures vanquished

Notes
Turn   | Place    | Note
-------+----------+-------------------------------------------
     0 | D:1      | jasper the Gnoll Earth Elementalist began the quest for the
                  | Orb.
     0 | D:1      | Reached XP level 1. HP: 13/13 MP: 6/6
    35 | D:1      | Reached XP level 2. HP: 20/20 MP: 3/7
   262 | D:1      | Reached skill level 5 in Spellcasting
   262 | D:1      | Reached XP level 3. HP: 25/25 MP: 5/9
   641 | D:1      | Reached skill level 1 in Invocations
   896 | D:2      | Reached skill level 1 in Fighting
   896 | D:2      | Reached skill level 1 in Short Blades
   896 | D:2      | Reached skill level 1 in Long Blades
   896 | D:2      | Reached skill level 1 in Axes
   896 | D:2      | Reached skill level 1 in Maces & Flails
   896 | D:2      | Reached skill level 1 in Polearms
   896 | D:2      | Reached skill level 1 in Staves
   896 | D:2      | Reached skill level 1 in Ranged Weapons
   896 | D:2      | Reached skill level 1 in Throwing
   896 | D:2      | Reached skill level 1 in Armour
   896 | D:2      | Reached skill level 1 in Shields
   896 | D:2      | Reached skill level 1 in Unarmed Combat
   896 | D:2      | Reached skill level 1 in Evocations
   927 | D:2      | Noticed Jessica
   928 | D:2      | Killed Jessica
   929 | D:2      | Reached skill level 1 in Shapeshifting
   929 | D:2      | Reached XP level 4. HP: 32/32 MP: 7/11
   933 | D:2      | Learned a level 3 spell: Passwall
   937 | D:2      | Learned a level 3 spell: Stone Arrow
  1009 | D:2      | Reached skill level 1 in Hexes
  1009 | D:2      | Reached skill level 1 in Summonings
  1009 | D:2      | Reached skill level 1 in Necromancy
  1009 | D:2      | Reached skill level 1 in Translocations
  1009 | D:2      | Reached skill level 1 in Fire Magic
  1009 | D:2      | Reached skill level 1 in Ice Magic
  1009 | D:2      | Reached skill level 1 in Air Magic
  1009 | D:2      | Reached skill level 1 in Alchemy
  1044 | D:2      | Found a runed translucent door.
  1045 | D:2      | Noticed Crazy Yiuf
  1051 | D:2      | Killed Crazy Yiuf
  1091 | D:2      | Found a broken altar of Ashenzari.
  1111 | D:2      | Reached XP level 5. HP: 37/37 MP: 9/12
  1467 | D:2      | Became a worshipper of Ashenzari the Shackled
  1693 | D:2      | Noticed Robin
  1706 | D:2      | Killed Robin
  2371 | D:3      | Reached * piety under Ashenzari
  2475 | D:3      | Noticed Grinder
  2475 | D:3      | Noticed Natasha
  2477 | D:3      | Reached XP level 6. HP: 44/44 MP: 13/13
  2487 | D:3      | Killed Grinder
  2488 | D:3      | Reached skill level 5 in Dodging
  2716 | D:3      | Reached XP level 7. HP: 50/50 MP: 15/15
  2766 | D:3      | Found a shimmering altar of Xom.
  2767 | D:3      | Found a glowing golden altar of the Shining One.
  2879 | D:3      | Noticed Ijyb
  2880 | D:3      | Paralysed by Ijyb for 5 turns
  2895 | D:3      | Killed Ijyb
  3331 | D:4      | Reached ** piety under Ashenzari
  3442 | D:4      | Found a bloodstained altar of Trog.
  4125 | D:5      | Entered Level 5 of the Dungeon
  4132 | D:5      | Reached skill level 5 in Stealth
  4369 | D:5      | Found a shadowy altar of Dithmenos.
  4446 | D:5      | Found a glowing silver altar of Zin.
  4689 | D:5      | Reached XP level 8. HP: 53/58 MP: 16/16
  5066 | D:6      | Found a radiant altar of Vehumet.
  5168 | D:6      | Reached skill level 6 in Spellcasting
  5244 | D:6      | Reached *** piety under Ashenzari
  5460 | D:6      | Found a white marble altar of Elyvilon.
  5528 | D:6      | Reached XP level 9. HP: 56/65 MP: 6/18
  5734 | D:6      | Found a staircase to the Ecumenical Temple.
  5780 | D:6      | Found a hide-covered altar of Uskayaw.
  5832 | D:6      | Found a stormy altar of Qazlal.
  6034 | D:6      | Reached **** piety under Ashenzari
  6080 | D:7      | Noticed Maurice
  6092 | D:7      | Maurice stole 9 javelins
  6096 | D:7      | Maurice stole a ring of wizardry
  6101 | D:7      | Maurice stole a +0 dagger
  6104 | D:6      | Maurice stole 263 gold
  6115 | D:6      | Killed Maurice
  6257 | D:7      | Reached skill level 5 in Invocations
  6371 | D:7      | Found a transporter.
  6390 | D:7      | Noticed a hornet
  6406 | D:7      | Killed a hornet
  6407 | D:7      | Reached skill level 7 in Spellcasting
  6853 | D:7      | Reached skill level 5 in Fighting
  6853 | D:7      | Reached skill level 5 in Short Blades
  6853 | D:7      | Reached skill level 5 in Long Blades
  6853 | D:7      | Reached skill level 5 in Axes
  6853 | D:7      | Reached skill level 5 in Maces & Flails
  6853 | D:7      | Reached skill level 5 in Polearms
  6853 | D:7      | Reached skill level 5 in Staves
  6853 | D:7      | Reached skill level 5 in Ranged Weapons
  6853 | D:7      | Reached skill level 5 in Throwing
  6853 | D:7      | Reached skill level 5 in Armour
  6853 | D:7      | Reached skill level 5 in Shields
  6853 | D:7      | Reached skill level 5 in Unarmed Combat
  6853 | D:7      | Reached skill level 5 in Evocations
  6853 | D:7      | Reached XP level 10. HP: 74/74 MP: 20/20
  6917 | D:7      | Found a transporter.
  7056 | D:7      | Found a one-way gate to the infinite horrors of the Abyss.
  7056 | D:7      | Noticed greatzebu's ghost (novice MDFE)
  7177 | D:7      | Learned a level 3 spell: Tukima's Dance
  7219 | D:7      | Noticed Duvessa
  7219 | D:7      | Noticed Dowan
  7239 | D:7      | Killed Dowan
  7241 | D:7      | Killed Duvessa
  7947 | D:8      | Reached skill level 5 in Conjurations
  8294 | D:8      | Noticed Pikel
  8307 | D:8      | Reached skill level 5 in Shapeshifting
  8317 | D:8      | Killed Pikel
  8856 | D:9      | Reached skill level 5 in Hexes
  8856 | D:9      | Reached skill level 5 in Summonings
  8856 | D:9      | Reached skill level 5 in Necromancy
  8856 | D:9      | Reached skill level 5 in Translocations
  8856 | D:9      | Reached skill level 5 in Fire Magic
  8856 | D:9      | Reached skill level 5 in Ice Magic
  8856 | D:9      | Reached skill level 5 in Air Magic
  8856 | D:9      | Reached skill level 5 in Alchemy
  9023 | D:9      | Reached XP level 11. HP: 80/86 MP: 21/24
  9079 | D:9      | Found a staircase to the Lair.
  9082 | D:9      | Reached skill level 8 in Spellcasting
  9423 | D:9      | Reached ***** piety under Ashenzari
  9775 | D:10     | Entered Level 10 of the Dungeon
  9984 | D:10     | Found Teclal's Antique Armour Shop.
  9997 | D:10     | Bought a shiny helmet for 210 gold pieces
  9997 | D:10     | Bought an embroidered hat for 196 gold pieces
 10245 | D:10     | Found a broken altar of Ashenzari.
 11062 | D:11     | Noticed a skeletal warrior
 11062 | D:11     | Noticed a skeletal warrior
 11075 | D:11     | Killed a skeletal warrior
 11080 | D:11     | Killed a skeletal warrior
 11273 | D:11     | Noticed a skeletal warrior
 11280 | D:11     | Killed a skeletal warrior
 11338 | D:11     | Noticed a skeletal warrior
 11338 | D:11     | Noticed a skeletal warrior
 11458 | D:11     | Killed a skeletal warrior
 11547 | D:11     | Killed a skeletal warrior
 11548 | D:11     | Reached XP level 12. HP: 82/95 MP: 12/27
 11714 | D:11     | Found an opulent altar of Gozag.
 11950 | D:11     | Noticed Harold
 11955 | D:11     | Killed Harold
 12172 | D:11     | Reached skill level 9 in Spellcasting
 12340 | Lair:1   | Entered Level 1 of the Lair of Beasts
 13666 | Lair:2   | Found a staircase to the Swamp.
 13673 | Lair:2   | Noticed Nergalle
 13680 | Lair:2   | Killed Nergalle
 13859 | Lair:2   | Found a runed translucent gate.
 13859 | Lair:2   | Found a runed translucent gate.
 13859 | Lair:2   | Found a runed translucent gate.
 13860 | Lair:2   | Noticed Spacefish98's ghost (journeyman MiFi)
 13912 | Lair:2   | Noticed an eight-headed hydra
 13918 | Lair:2   | Killed an eight-headed hydra
 15219 | Lair:3   | Reached XP level 13. HP: 104/104 MP: 27/28
 15769 | Lair:3   | Identified the cursed +4 quarterstaff "Restrained Dismay"
                  | {chaos, Cun, Dev} (You took it off Crazy Yiuf on level 2 of
                  | the Dungeon)
 15769 | Lair:3   | Identified the cursed +0 cloak "Perceptive Awkwardness"
                  | {Sorc, Range} (You took it off Crazy Yiuf on level 2 of the
                  | Dungeon)
 15769 | Lair:3   | Identified the cursed +0 helmet of Supernal Wisdom {Elem,
                  | Comp} (You took it off Robin on level 2 of the Dungeon)
 15769 | Lair:3   | Identified the cursed +0 pair of gloves of Ashenzari's
                  | Negation {Sorc, Fort} (You found it on level 5 of the
                  | Dungeon)
 15769 | Lair:3   | Identified the cursed +0 steam dragon scales "Ordeal of
                  | Ashenzari" {Elem, Self} (You found it on level 6 of the
                  | Dungeon)
 16163 | Lair:3   | Reached skill level 10 in Spellcasting
 16608 | Lair:3   | Found a staircase to the Snake Pit.
 16764 | Lair:3   | Slain by a death yak

Illustrated notes

Levels and vault maps discovered:
D:1:      co_arrival_square_in_a_square_in_a_square, layout_basic
D:2:      layout_basic, basic_altar, chequers_serial_rivers_micro_d,
          uniq_jessica, uniq_robin, uniq_crazy_yiuf_cottage
D:3:      layout_loops_ring, minitemple, chequers_serial_rivers_micro_e,
          uniq_ijyb, uniq_natasha, uniq_grinder
D:4:      layout_gridville, kennysheep_little_box
D:5:      layout_basic, mainiacjoe_overflow_six_doors_small,
          kennysheep_mini_moat
D:6:      nicolae_whirlpool, layout_loops_ring, mainiacjoe_overflow_paths,
          mainiacjoe_overflow_catch_the_wave, nicolae_qazlal_style_of_elements,
          temple_green, minmay_parallelograms, kennysheep_generic_room_7
D:7:      layout_loops_cross, gammafunk_ghost_abyssal_escape, uniq_duvessa,
          uniq_maurice
D:8:      layout_basic, uniq_pikel
D:9:      layout_roguey, minmay_lair_entry_grove, minmay_misc_feat_ornament
D:10:     layout_long_grid, amcnicky_altar_gilded, serial_shops,
          nicolae_shop_advertising_works [nicolae_subvault_shop_adworks]
D:11:     layout_rooms, nicolae_gozag_cash_rules_everything_around_me,
          uniq_harold
Lair:1:   layout_cave_pods, grunt_megastairs_4
Lair:2:   layout_regular_city, swamp_mist, ebering_ghost_rock_garden,
          minivault_23, uniq_nergalle
Lair:3:   layout_cave_pods, alex1729_snake_entry_snake, beast_lair_carwin_3,
          lemuel_fruit_tree

Skill      XL: |  1  2  3  4  5  6  7  8  9 10 11 12 13 |
---------------+----------------------------------------+-----
Conjurations   | 2 3 4 5 6 7 |  7.5
Spellcasting   | 5 6 7 8 9 10 | 10.0
Invocations    | 1 2 3 4 5 6 7 8 9 |  9.4
Fighting       | 1 2 3 4 5 6 7 8 |  8.6
Short Blades   | 1 2 3 4 5 6 7 8 |  8.6
Long Blades    | 1 2 3 4 5 6 7 8 |  8.6
Axes           | 1 2 3 4 5 6 7 8 |  8.6
Maces & Flails | 1 2 3 4 5 6 7 8 |  8.6
Polearms       | 1 2 3 4 5 6 7 8 |  8.6
Staves         | 1 2 3 4 5 6 7 8 |  8.6
Ranged Weapons | 1 2 3 4 5 6 7 8 |  8.6
Throwing       | 1 2 3 4 5 6 7 8 |  8.6
Armour         | 1 2 3 4 5 6 7 8 |  8.6
Shields        | 1 2 3 4 5 6 7 8 |  8.6
Unarmed Combat | 1 2 3 4 5 6 7 8 |  8.6
Evocations     | 1 2 3 4 5 6 7 8 |  8.6
Shapeshifting  | 1 2 3 4 5 6 7 |  7.9
Hexes          | 1 2 3 4 5 6 7 |  7.2
Summonings     | 1 2 3 4 5 6 7 |  7.2
Necromancy     | 1 2 3 4 5 6 7 |  7.2
Translocations | 1 2 3 4 5 6 7 |  7.2
Fire Magic     | 1 2 3 4 5 6 7 |  7.2
Ice Magic      | 1 2 3 4 5 6 7 |  7.2
Air Magic      | 1 2 3 4 5 6 7 |  7.2
Alchemy        | 1 2 3 4 5 6 7 |  7.2
Dodging        | 5 6 7 8 9 |  9.8
Stealth        | 5 6 7 8 9 |  9.7
Earth Magic    | 6 7 8 9 |  9.1

Action                     |  1- 3 |  4- 6 |  7- 9 | 10-12 | 13-15 || total
---------------------------+-------+-------+-------+-------+-------++-------
  Melee: Club              |     1 |       |       |       |       ||     1
         Quarterstaff      |       |       |    41 |    64 |    38 ||   143
         Bite              |       |       |     7 |    13 |     7 ||    27
  Throw: Javelin           |       |       |     1 |       |       ||     1
   Cast: Sandblast         |    40 |    77 |    66 |       |       ||   183
         Stone Arrow       |       |     2 |    59 |   316 |    84 ||   461
         Tukima's Dance    |       |       |       |     6 |       ||     6
 Invoke: Curse Item        |       |     1 |     4 |     3 |       ||     8
Ability: Begin Untransform |       |       |       |       |     1 ||     1
  Evoke: Wand              |       |       |     9 |       |       ||     9
    Use: Potion            |       |     1 |     1 |     3 |     1 ||     6
         Scroll            |       |       |       |       |     1 ||     1
   Stab: Paralysed         |       |       |     3 |       |       ||     3
         Sleeping          |       |       |     2 |     1 |       ||     3
         Petrified         |       |       |       |       |     2 ||     2
         Confused          |       |       |       |       |     1 ||     1
         Petrifying        |       |       |       |       |     1 ||     1
 Armour: Robe              |     2 |    43 |    25 |       |       ||    70
         Steam dragon scal |       |       |    57 |    93 |    54 ||   204
  Dodge: Dodged            |     5 |    33 |   106 |   157 |    75 ||   376
   Form: Serpent           |       |       |       |       |     1 ||     1

Table legend: (Time is in decaauts)
 A = Elapsed time spent in this place.
 B = Non-inter-level travel time spent in this place.
 C = Inter-level travel time spent in this place.
 D = Time resting spent in this place.
 E = Time spent auto-exploring this place.
 F = Levels seen in this place.
 G = Mean time per level.
                   A        B        C        D        E       F      G
               +--------+--------+--------+--------+--------+-----+--------+
         Total |  16875 |  16364 |    511 |   1207 |  13065 |  14 | 1205.4 |
       Dungeon |  12454 |  11967 |    487 |    875 |   9522 |  11 | 1132.2 |
          Lair |   4421 |   4397 |     24 |    332 |   3542 |   3 | 1473.7 |
               +--------+--------+--------+--------+--------+-----+--------+

Top non-repeatable levels by time:
  Lair:2: 1621 daAuts
  Lair:3: 1581 daAuts
    D:11: 1426 daAuts
     D:2: 1386 daAuts
     D:6: 1289 daAuts
     D:9: 1249 daAuts
     D:7: 1223 daAuts
  Lair:1: 1218 daAuts
    D:10: 1118 daAuts
     D:8: 1109 daAuts
     D:1: 1045 daAuts
     D:3: 954 daAuts
     D:5: 838 daAuts
     D:4: 812 daAuts
